 Dungeon Crawl Stone Soup version 0.26.1-10-gdfb7c7de75 (webtiles) character file.

Game seed: 9610830363903610640

18 DearestLeader the Grave Robber (level 2, -1/22 HPs)
             Began as a Deep Dwarf Necromancer on Apr 12, 2021.
             Slain by a worm (4 damage)
             ... on level 2 of the Dungeon.
             The game lasted 00:01:52 (960 turns).

DearestLeader the Grave Robber (DDNe)                Turns: 960, Time: 00:01:53

Health: -1/22      AC:  2    Str: 11    XL:     2   Next: 48%
Magic:  1/4        EV: 12    Int: 15    God:
Gold:   72         SH:  0    Dex: 13    Spells: 3/4 levels left

rFire    . . .     SeeInvis .   e - +0 dagger
rCold    . . .     Faith    .   (no shield)
rNeg     . . .     Spirit   .   a - +0 robe
rPois    .         Reflect  .   (no helmet)
rElec    .         Harm     .   (no cloak)
rCorr    .         Rampage  .   (no gloves)
Will     .....                  (no boots)
Stlth    ++........             (no amulet)
HPRegen  0.00/turn              (no ring)
MPRegen  0.09/turn              (no ring)

@: non-regenerating
A: damage resistance, heal wounds, sense surroundings 1, no regeneration
a: Heal Wounds


You were on level 2 of the Dungeon.
You visited 1 branch of the dungeon, and saw 2 of its levels.

You collected 72 gold pieces.

Inventory:

Hand Weapons
 e - a +0 dagger (weapon)
Armour
 a - a +0 robe (worn)
 b - a +0 leather armour
Scrolls
 c - a scroll of identify {unknown}
 d - a scroll of magic mapping {unknown}
 h - a scroll of fog {unknown}
 k - 2 scrolls of remove curse {unknown}
 l - a scroll of noise {unknown}
 m - 2 scrolls of teleportation {unknown}
Potions
 f - 3 potions of berserk rage {unknown}
 g - 3 potions of curing {unknown}
 i - 3 potions of degeneration {unknown}
 j - a potion of flight {unknown}


   Skills:
 - Level 2.1 Dodging
 - Level 2.4 Stealth
 - Level 1.7 Spellcasting
 * Level 5.2 Necromancy


You had 3 spell levels left.
You knew the following spells:

 Your Spells              Type           Power        Failure   Level
a - Pain                  Necr           68%          2%          1

Your spell library contained the following spells:

 Spells                   Type           Power        Failure   Level
 Animate Skeleton         Necr           34%          2%          1
 Vampiric Draining        Necr           8%           8%          3
 Animate Dead             Necr           8%           26%         4
 Agony                    Necr           17%          58%         5


Dungeon Overview and Level Annotations

Branches:
Dungeon (2/15)

Altars:


Innate Abilities, Weirdness & Mutations

You are resistant to damage.
You can heal yourself by infusing magical energy.
You passively map a small area around you.
You do not regenerate.


Message History

Press: ? - help, Shift-Dir - straight line, f/p - worm
Aim: a worm (lightly wounded, chance to affect: 82%)
The worm writhes in agony.
The worm bites you.
* * * LOW HITPOINT WARNING * * *
Unknown command.
You hit the worm.
The worm is heavily wounded.
The worm misses you.
You hit the worm.
The worm is heavily wounded.
You barely miss the worm.
The worm is heavily wounded.
The worm barely misses you.
You hit the worm.
The worm is severely wounded.
You hit the worm but do no damage.
The worm is severely wounded.
The worm bites you.
You die...

########## ######## *
####........# #..(...#
...#........#* #......####
* .>.'........+,
+.......... ,
...#........# #......?...
, ,
#+####...#######....).....
#....#..........@w........
#.##.#.#....#####..###+###
, #......+....+.........
.......#....#.......##..
.......+....#...#.#.#* , ,
* .......######...#$#.#* ,
, .......# #.....#.[.. * ,
.......####.....###...
..........#.....## * **


You could see a worm.

Vanquished Creatures
  A worm (D:2)
  A bat (D:1)
  2 giant cockroaches (D:1)
  3 hobgoblins
  2 jackals (D:1)
  2 kobolds (D:1)
  2 rats (D:1)
13 creatures vanquished.

Notes
Turn   | Place    | Note
-------+----------+-------------------------------------------
     0 | D:1      | DearestLeader the Deep Dwarf Necromancer began the quest
                  | for the Orb.
     0 | D:1      | Reached XP level 1. HP: 15/15 MP: 3/3
   368 | D:1      | Reached XP level 2. HP: 19/22 MP: 2/4
   571 | D:1      | Reached skill level 5 in Necromancy
   960 | D:2      | Slain by a worm

Illustrated notes

Levels and vault maps discovered:
D:1:      dpeg_arrival_simpleton_c, layout_loops_cross
D:2:      layout_basic

Skill      XL: |  1  2 |
---------------+-------+-----
Necromancy     | 5 |  5.2
Dodging        | |  2.1
Stealth        | |  2.4
Spellcasting   | |  1.7

Action                   || total
-------------------------++-------
Melee: Unarmed           ||     5
       Dagger            ||    16
 Cast: Pain              ||    27
 Stab: Sleeping          ||     1
Armor: Robe              ||     2
Dodge: Dodged            ||     9
